 Dungeon Crawl Stone Soup version 0.31-a0-152-g6aa68a64a1 (webtiles) character file.

Game seed: 17642378025204461629

14 qw the Shooter (level 2, 0/17 HPs)
             Began as a Gargoyle Hunter on June 11, 2023.
             Slain by a hobgoblin (5 damage)
             ... led by Robin
             ... on level 2 of the Dungeon.
             The game lasted 00:00:07 (222 turns).

qw the Shooter (Gargoyle Hunter)                     Turns: 222, Time: 00:00:07

Health: 0/17       AC:  5    Str: 14    XL:     2   Next: 41%
Magic:  2/2        EV: 11    Int:  9    God:
Gold:   26         SH:  0    Dex: 13    Spells: 1/1 levels left

rFire   . . .        Y - +0 shortbow
rCold   . . .        (shield currently unavailable)
rNeg    + . .        c - +0 leather armour
rPois   inf          (no helmet)
rElec   +            (no cloak)
rCorr   .            (no gloves)
SInv    .            (no boots)
Will    .....        (no amulet)
Stlth   +            (no ring)
HPRegen 0.22/turn    (no ring)
MPRegen 0.08/turn

%: no passive effects
@: no status effects
A: sickness immunity, AC +2, negative energy resistance 1, electricity
resistance, torment resistance 1, petrification resistance
a: no special abilities


You were on level 2 of the Dungeon.
You visited 1 branch of the dungeon, and saw 2 of its levels.

You collected 26 gold pieces.


Innate Abilities, Weirdness & Mutations

You are immune to sickness and miasma.
Your stone body is resilient. (AC +2)
You are immune to poison.
You resist negative energy. (rN+)
You are resistant to electric shocks. (rElec)
You are resistant to unholy torment.
You are immune to petrification.


   Skills:
 - Level 2.1 Fighting
 + Level 4.6 Ranged Weapons
 - Level 1.5 Dodging
 - Level 1.1 Stealth


You had one spell level left.
You didn't know any spells.
Your spell library was empty.

Inventory:

Hand Weapons
 Y - a +0 shortbow (weapon)
Armour
 c - a +0 leather armour (worn)
 d - a +0 ring mail
Scrolls
 b - a scroll of butterflies
Potions
 a - a potion of mutation {unknown}
 e - a potion of berserk rage {unknown}
 f - a potion of brilliance {unknown}

Dungeon Overview and Level Annotations

Branches:
Dungeon (1/15)

Altars:

Annotations:
D:2 Robin


Message History

The goblin is severely wounded.
Robin says, "Kneel, worm!"
You shoot an arrow. The arrow hits the goblin!
You kill the goblin!
Robin roars a battlecry!
The goblins go into a battle-frenzy!
You hear an angry hiss.
You shoot an arrow. The arrow hits the hobgoblin!
You kill the hobgoblin!
The goblin hits you but does no damage.
You shoot an arrow. The arrow barely misses the hobgoblin.
The arrow barely misses the goblin.
A ball python comes into view.
The goblin hits you with a +0 club.
The hobgoblin hits you but does no damage.
You shoot an arrow. The arrow hits the hobgoblin!
You kill the hobgoblin!
The goblin closely misses you.
You shoot an arrow. The arrow hits the hobgoblin!
You kill the hobgoblin!
Robin throws the goblin at you! The goblin barely misses you.
The goblin hits you but does no damage.
You shoot an arrow. The arrow barely misses the hobgoblin.
The arrow hits Robin.
Robin is moderately wounded.
The goblin hits you with a +0 club. The hobgoblin closely misses you.
The goblin barely misses you.
You shoot an arrow. The arrow closely misses the hobgoblin.
The goblin barely misses you. The hobgoblin hits you.
The goblin closely misses you. The goblin hits you but does no damage.
The hobgoblin hits you but does no damage.
The goblin hits you with a +0 club.
You shoot an arrow.
The arrow hits the hobgoblin but does no damage.
The hobgoblin closely misses you. The goblin barely misses you.
The goblin closely misses you.
You shoot an arrow.
The arrow hits the hobgoblin but does no damage.
The goblin hits you but does no damage. The goblin hits you with a +0 dagger.
The hobgoblin hits you.
You die...

#.........# #.#######.#
##..... #.# #.# .......
#.#######.#######....%..
....................)...
........................
#########.#...###g%.....
#.#...###gg.....
#......g@ggS....
################


You could see Robin, a hobgoblin (strong), 4 goblins and a ball python.

Vanquished Creatures
  An endoplasm (D:1)
  3 goblins
  6 hobgoblins (D:2)
  A rat (D:1)
11 creatures vanquished.

Notes
Turn   | Place    | Note
-------+----------+-------------------------------------------
     0 | D:1      | qw the Gargoyle Hunter began the quest for the Orb.
     0 | D:1      | Reached XP level 1. HP: 12/12 MP: 1/1
     0 | D:1      | 0 ||| qw: Version: 0.2-a-29-g99eb96e
     0 | D:1      | 0 ||| qw: Game counter: 4101
     0 | D:1      | 0 ||| qw: Always use a shield: true
     0 | D:1      | 0 ||| qw: God list: Okawaru
     0 | D:1      | 0 ||| qw: Allow faded altars: false
     0 | D:1      | 0 ||| qw: Do Orc after D:15 true
     0 | D:1      | 0 ||| qw: Do second Lair branch before Depths: true
     0 | D:1      | 0 ||| qw: Lair rune preference: random
     0 | D:1      | 0 ||| qw: Plans: Normal, Zot:1-4, Slime:5, God:TSO, Crypt,
                  | Tomb, Abyss, Pan, Hells, Win
     0 | D:1      | 0 ||| PLANNING D:1-11
    95 | D:1      | You fall into a shaft and drop 1 floor!
   142 | D:2      | 142 ||| READING scroll labelled JOTAMO DARASOT.
   212 | D:2      | Reached XP level 2. HP: 17/17 MP: 2/2
   212 | D:2      | Noticed Robin
   222 | D:2      | Slain by a hobgoblin

Levels and vault maps discovered:
D:1:      roderic_dead_forest, layout_rooms
D:2:      layout_basic, uniq_robin

Action                     || total
---------------------------++-------
   Fire: Shortbow          ||    36
    Use: Scroll            ||     1
 Armour: Leather armour    ||    17
  Dodge: Dodged            ||    15

Table legend:
 A = Non-vault XP
 B = Vault XP
 C = Vault XP percentage of total XP
 D = Non-vault monster count
 E = Vault monster count
 F = Vault count percentage of total count
                 A         B        C        D         E       F
            +---------+---------+-------+---------+---------+-------
      Total |       9 |      11 |  55.0 |       5 |       6 |  54.5
            +---------+---------+-------+---------+---------+-------
        D:1 |       5 |       0 |   0.0 |       3 |       0 |   0.0
        D:2 |       4 |      11 |  73.3 |       2 |       6 |  75.0
            +---------+---------+-------+---------+---------+-------
